 Dungeon Crawl Stone Soup version 0.14.2 (webtiles) character file.

67 GrosslyIncandescent the Digger (level 3, -4/24 HPs)
             Began as a Mummy Earth Elementalist on Mar 7, 2016.
             Killed from afar by Sigmund (6 damage)
             ... with a magic dart
             ... on Level 2 of the Dungeon.
             The game lasted 00:02:07 (1706 turns).

GrosslyIncandescent the Digger (MuEE)               Turns: 1706, Time: 00:02:07

HP  -4/24        AC  5     Str 11      XL: 3   Next: 10%
MP   6/6         EV  9     Int 14      God:
Gold 35          SH  0     Dex 13      Spells:  1 memorised,  5 levels left

rFire  x . .     SeeInvis .     a - +1,+0 dagger (venom)
rCold  + . .     Clarity  .     i - +0 ring mail
rNeg   + + +     Conserve .     (no shield)
rPois  +         rCorr    .     (no helmet)
rElec  .         rRot     +     (no cloak)
SustAb . .       Spirit   .     (no gloves)
rMut   .         Warding  .     (no boots)
Saprov . . .     Stasis   .     (no amulet)
MR     .....                    (no ring)
                                (no ring)

@: not resistant to hostile enchantments, unstealthy
A: no food or potions, fire vulnerability, restore body, cold resistance 1, life
protection 3, poison resistance, torment resistance, unbreathing
a: no special abilities


You were on level 2 of the Dungeon.
You were not hungry.

You visited 1 branch of the dungeon, and saw 2 of its levels.

You collected 35 gold pieces.

Inventory:

Hand weapons
 a - a +1,+0 dagger of venom (weapon)
Missiles
 b - 16 stones (quivered)
Armour
 c - a +0 robe
 i - a +0 ring mail (worn)
Scrolls
 e - a scroll of enchant weapon I {unknown}
 f - a scroll of teleportation {unknown}
 g - a scroll of immolation {unknown}
 h - a scroll of fog {unknown}
Books
 d - a book of Geomancy

   Spells                             Type                      Level
   *Sandblast                         Earth                        1
   Stoneskin                          Transmutation/Earth          2
   Passwall                           Transmutation/Earth          3
   Stone Arrow                        Conjuration/Earth            3
   Petrify                            Transmutation/Earth          4
   Lee's Rapid Deconstruction         Earth                        5


   Skills:
 * Level 0.2 Fighting
 + Level 1.7 Dodging
 + Level 1.9 Stealth
 + Level 2.3 Spellcasting
   Level 0.7 Transmutations
 + Level 3.0 Earth Magic


You had 5 spell levels left.
You knew the following spells:

 Your Spells              Type           Power        Failure   Level  Hunger
a - Sandblast             Erth           ##....       12%         1    N/A

Dungeon Overview and Level Annotations

Branches:
Dungeon (2/15)

Altars:

Annotations:
D:2 Sigmund


Innate Abilities, Weirdness & Mutations

You do not eat or drink.
Your flesh is vulnerable to fire.
Your flesh is cold resistant.
You are immune to negative energy.
Your system is resistant to poisons.
You are immune to unholy pain and torment.
You can survive without breathing.


Message History

You kill the giant gecko!
The giant cockroach bites you but does no damage.
Unknown command.
Sigmund mumbles some strange words.
Sigmund flickers and vanishes!
Deactivating autopickup; reactivate with Ctrl-A.
You hit the giant cockroach.
The giant cockroach is poisoned.
The giant cockroach is moderately wounded.
The giant cockroach barely misses you.
The giant cockroach bites you but does no damage.
You kill the giant cockroach!
Your Earth Magic skill increases to level 3!
The puff of flame hits you! The fire burns you terribly!
Ouch! That really hurt!
The puff of flame hits you! The fire burns you terribly!
* * * LOW HITPOINT WARNING * * *
The magic dart hits you!
* * * LOW HITPOINT WARNING * * *
The magic dart hits you!
You die...

.....[. ........<...####
.#...##.#############........####
.....##..........................
..%..........................####
...########..%##....##.###...#
.##.!.# #...##....##.###...#
#...# #...#####.........!#
.##...#####.....###...####.#.#
..%.............@..........#.#
.##########.......##########.#
#####...# #.# ##### #.# .


There were no monsters in sight!

Vanquished Creatures
  2 giant geckos
  5 giant cockroaches
  6 goblins
  5 hobgoblins (D:1)
  5 kobolds (D:1)
  A bat (D:1)
  A giant newt (D:1)
  A rat (D:1)
26 creatures vanquished.

Notes
Turn   | Place    | Note
--------------------------------------------------------------
     0 | D:1      | GrosslyIncandescent, the Mummy Earth Elementalist, began the quest for the Orb.
     0 | D:1      | Reached XP level 1. HP: 13/13 MP: 3/3
   651 | D:1      | Reached XP level 2. HP: 10/19 MP: 4/4
  1449 | D:1      | Reached XP level 3. HP: 16/24 MP: 6/6
  1688 | D:2      | Noticed Sigmund
  1694 | D:2      | Reached skill level 3 in Earth Magic
  1706 | D:2      | Killed from afar by Sigmund

Action                   || total
-------------------------++-------
Melee: Dagger            ||    74
 Cast: Sandblast         ||    14
 Stab: Sleeping          ||     2
